 Dungeon Crawl Stone Soup version 0.27.1-33-g824d729ab1 (webtiles) character file.

Game seed: 5546431890620651543

67 lonewolfV2 the Skirmisher (level 4, -2/41 HPs)
             Began as a Gnoll Wanderer on Dec 10, 2021.
             Killed by nerve-wracking pain
             ... invoked by Powertoast's ghost
              (10 damage)
             ... on level 3 of the Dungeon.
             The game lasted 00:07:02 (2904 turns).

lonewolfV2 the Skirmisher (Gnoll Wanderer)          Turns: 2904, Time: 00:07:03

Health: -2/41      AC:  9    Str: 13      XL:     4   Next: 18%
Magic:  5/5        EV:  9    Int: 12      God:
Gold:   156        SH:  0    Dex:  3 (10) Spells: 4/5 levels left

rFire    . . .     SeeInvis .   n - +0 mace (vorpal)
rCold    . . .     Faith    .   (no shield)
rNeg     . . .     Spirit   .   c - +2 scale mail
rPois    .         Reflect  .   (no helmet)
rElec    .         Harm     .   (no cloak)
rCorr    .         Rampage  .   (no gloves)
Will     .....                  (no boots)
Stlth    ..........             (no amulet)
HPRegen  0.13/turn              (no ring)
MPRegen  0.09/turn              (no ring)

@: no status effects
A: fangs 1, strong nose, distributed training
a: no special abilities


You were on level 3 of the Dungeon.
You visited 1 branch of the dungeon, and saw 3 of its levels.

You collected 156 gold pieces.

Inventory:

Hand Weapons
 a - a +2 hand axe
 n - a +0 vorpal mace (weapon)
Armour
 c - a +2 scale mail (worn)
 h - a +0 barding
Scrolls
 b - 2 scrolls of teleportation
 j - a scroll of magic mapping
Potions
 d - a potion of haste {unknown}
 e - a potion of ambrosia {unknown}
 f - a potion of curing {unknown}
 i - a potion of lignification {unknown}
 k - a potion of heal wounds {unknown}
 l - a potion of attraction


   Skills:
 + Level 6.6 Fighting
 + Level 1.0 Short Blades
 + Level 1.0 Long Blades
 + Level 4.6 Axes
 + Level 2.7 Maces & Flails
 + Level 1.0 Polearms
 + Level 1.0 Staves
 + Level 1.0 Slings
 + Level 1.0 Bows
 + Level 1.0 Crossbows
 + Level 2.7 Throwing
 + Level 4.6 Armour
 + Level 1.0 Dodging
 + Level 1.0 Stealth
 + Level 1.0 Shields
 + Level 1.0 Unarmed Combat
 + Level 1.0 Spellcasting
 + Level 0.8 Conjurations
 + Level 0.8 Hexes
 + Level 0.8 Summonings
 + Level 0.8 Necromancy
 + Level 0.8 Translocations
 + Level 0.8 Transmutations
 + Level 0.8 Fire Magic
 + Level 0.8 Ice Magic
 + Level 0.8 Air Magic
 + Level 0.8 Earth Magic
 + Level 0.8 Poison Magic
 + Level 1.1 Invocations
 + Level 2.7 Evocations


You had 4 spell levels left.
You knew the following spells:

 Your Spells              Type           Power      Damage    Failure   Level
a - Magic Dart            Conj           8%         1d3       65%         1

Your spell library contained the following spells:

 Spells                   Type           Power      Damage    Failure   Level
 Animate Skeleton         Necr           4%         N/A       65%         1
 Apportation              Tloc           4%         N/A       65%         1
 Beastly Appendage        Tmut           4%         N/A       65%         1
 Corona                   Hex            2%         N/A       65%         1
 Summon Small Mammal      Summ           8%         N/A       65%         1
 Searing Ray              Conj           4%         3d3       80%         2
 Wereblood                Tmut           2%         N/A       80%         2
 Spider Form              Tmut/Pois      1%         N/A       95%         3
 Fulminant Prism          Conj/Hex       1%         3d6       100%        4


Dungeon Overview and Level Annotations

Branches:
Dungeon (3/15)

Altars:

Shops:
D:2 =   D:3 (

Annotations:
D:3 1 transporter, Powertoast's ghost, amateur HuNe


Innate Abilities, Weirdness & Mutations

You have very sharp teeth.
Your uncanny sense of smell can sniff out nearby items.
Your experience applies equally to all skills.


Message History

The quasit misses you. The quasit closely misses you. The quasit claws you.
You feel clumsy.
The quasit barely misses you. x2; The quasit claws you.
* * * LOW HITPOINT WARNING * * *
You feel clumsy.
Powertoast's ghost hits you but does no damage.
The quasit barely misses you. x2
The quasit claws you but does no damage.
The quasit barely misses you.
The quasit claws you but does no damage. x2
Unknown command.
It was a potion of cancellation.
Your magical effects are unravelling.
You feel magically purged.
The quasit bites you but does no damage.
The quasit claws you.
* * * LOW HITPOINT WARNING * * *
The quasit claws you but does no damage.
Powertoast's ghost closely misses you. The quasit bites you.
* * * LOW HITPOINT WARNING * * *
You feel clumsy. The quasit barely misses you.
The quasit claws you but does no damage.
The quasit closely misses you. The quasit claws you.
* * * LOW HITPOINT WARNING * * *
The quasit claws you but does no damage.
The quasit bites you but does no damage.
The quasit claws you but does no damage. x2
You feel less attractive to monsters.
You closely miss Powertoast's ghost.
Powertoast's ghost is heavily damaged.
The quasit bites you but does no damage.
The quasit closely misses you. x2
The quasit bites you but does no damage.
The quasit claws you but does no damage.
The quasit claws you.
* * * LOW HITPOINT WARNING * * *
Powertoast's ghost points at you and mumbles some strange words.
Pain shoots through your body!
You die...

.# #.# #.## .# #.#
######..######. .#
#.###..............
.#
#.##..####.©.####..
.# #.##.##..##### ##
## #.#..# ....$$..
..##
#.).##.##..=###....#
###.#.....#5W...#.#
#.#..##..5@5# #
#.#......#..#
#.##...#...#...
#..#©...#......#
##.#####..###.## .[
### ## #. . ##


You could see 3 quasits and Powertoast's ghost.

Vanquished Creatures
  2 adders (D:2)
  3 worms (D:2)
  4 ball pythons
  2 endoplasms
  2 giant cockroaches
  3 hobgoblins
  3 jackals (D:2)
  5 kobolds
  2 quokkas (D:1)
  2 bats
  3 frilled lizards
  3 goblins
  7 rats
41 creatures vanquished.

Notes
Turn   | Place    | Note
-------+----------+-------------------------------------------
     0 | D:1      | lonewolfV2 the Gnoll Wanderer began the quest for the Orb.
     0 | D:1      | lonewolfV2 set off with the following items: a +0 hand axe,
                  | a scroll of teleportation, a +2 scale mail
     0 | D:1      | Reached XP level 1. HP: 23/23 MP: 1/1
   200 | D:1      | Reached XP level 2. HP: 27/29 MP: 2/2
   251 | D:1      | Learned a level 1 spell: Beastly Appendage
  1124 | D:2      | Reached XP level 3. HP: 30/35 MP: 3/3
  1465 | D:2      | Found Menubin's Jewellery Emporium.
  1470 | D:2      | Reached skill level 1 in Invocations
  1632 | D:2      | Learned a level 1 spell: Magic Dart
  1658 | D:2      | Reached skill level 1 in Short Blades
  1658 | D:2      | Reached skill level 1 in Long Blades
  1658 | D:2      | Reached skill level 1 in Polearms
  1658 | D:2      | Reached skill level 1 in Staves
  1658 | D:2      | Reached skill level 1 in Slings
  1658 | D:2      | Reached skill level 1 in Bows
  1658 | D:2      | Reached skill level 1 in Crossbows
  1658 | D:2      | Reached skill level 1 in Dodging
  1658 | D:2      | Reached skill level 1 in Stealth
  1658 | D:2      | Reached skill level 1 in Shields
  1658 | D:2      | Reached skill level 1 in Unarmed Combat
  1658 | D:2      | Reached skill level 1 in Spellcasting
  1807 | D:2      | Found a faded altar of an unknown god.
  1853 | D:2      | Reached XP level 4. HP: 9/41 MP: 5/5
  2563 | D:3      | Found Hivvoq's Antique Weapon Boutique.
  2860 | D:3      | Found a transporter.
  2877 | D:3      | Found a transporter.
  2880 | D:3      | Noticed Powertoast's ghost (amateur HuNe)
  2904 | D:3      | Killed from afar by Powertoast's ghost

Illustrated notes

Levels and vault maps discovered:
D:1:      sevenhm_arrival_forest_fort_small_5, layout_loops_ring
D:2:      layout_basic, hellmonk_ecumenical_altar_arch_garden, serial_shops,
          shop, mrwooster_statue_mirror, grunt_ministairs_8
D:3:      layout_loops_ring, pdpol_wu_jian_five_deadly_venoms,
          mainiacjoe_overflow_alcove_1, gammafunk_ghost_stat_death,
          serial_shops, nicolae_shop_window_shopping, nicolae_shop_waterfront,
          shop

Skill      XL: |  1  2  3 |
---------------+----------+-----
Invocations    | 1 |  1.1
Short Blades   | 1 |  1.0
Long Blades    | 1 |  1.0
Polearms       | 1 |  1.0
Staves         | 1 |  1.0
Slings         | 1 |  1.0
Bows           | 1 |  1.0
Crossbows      | 1 |  1.0
Dodging        | 1 |  1.0
Stealth        | 1 |  1.0
Shields        | 1 |  1.0
Unarmed Combat | 1 |  1.0
Spellcasting   | 1 |  1.0
Fighting       | |  6.6
Axes           | |  4.6
Maces & Flails | |  2.7
Throwing       | |  2.7
Armour         | |  4.6
Conjurations   | |  0.8
Hexes          | |  0.8
Summonings     | |  0.8
Necromancy     | |  0.8
Translocations | |  0.8
Transmutations | |  0.8
Fire Magic     | |  0.8
Ice Magic      | |  0.8
Air Magic      | |  0.8
Earth Magic    | |  0.8
Poison Magic   | |  0.8
Evocations     | |  2.7

Action                   |  1- 3 |  4- 6 || total
-------------------------+-------+-------++-------
Melee: Hand axe          |   140 |    16 ||   156
       Bite              |    10 |     2 ||    12
       Kick              |     1 |       ||     1
       Mace              |       |    13 ||    13
 Cast: Beastly Appendage |     1 |       ||     1
       Magic Dart        |     1 |       ||     1
  Use: Scroll            |     4 |     1 ||     5
       Potion            |       |     2 ||     2
Armor: Scale mail        |    80 |   102 ||   182
Dodge: Dodged            |    58 |    88 ||   146
